 Dungeon Crawl Stone Soup version 0.30-a0-390-g80c34de65d (webtiles) character file.

Game seed: 8638297168707806348

4238 garrulousMonolith the Carver (level 10, -7/79 HPs)
             Began as a Gnoll Reaver on Dec 4, 2022.
             Was an Initiate of Ashenzari.
             Mangled by a two-headed ogre
             ... wielding a +0 giant club
              (11 damage)
             ... on level 8 of the Dungeon.
             The game lasted 00:13:13 (8258 turns).

garrulousMonolith the Carver (Gnoll Reaver)         Turns: 8258, Time: 00:13:14

Health: -7/79      AC: 16    Str: 11    XL:     10   Next: 30%
Magic:  16/21      EV: 13    Int: 18    God:    Ashenzari [......]
Gold:   9          SH:  0    Dex: 10    Spells: 9/23 levels left

rFire   . . .      SeeInvis .    q - +0 scimitar (protect)
rCold   . . .      Faith    .    (no shield)
rNeg    . . .      Spirit   .    z - +0 acid dragon scales
rPois   .          Reflect  .    u - +0 helmet
rElec   .          Harm     .    (no cloak)
rCorr   +          Rampage  .    D - +0 pair of gloves
Will    .....                    (no boots)
Stlth   ++........               (no amulet)
HPRegen 0.33/turn                e - ring of Supernal Wisdom {Slay+4, Range, Elem} (curse)
MPRegen 0.17/turn                N - ring of wizardry

@: under a protective aura
A: fangs 1, strong nose, distributed training
a: Renounce Religion, Shatter the Chains


You were on level 8 of the Dungeon.
You worshipped Ashenzari.
Ashenzari was noncommittal.
You visited 2 branches of the dungeon, and saw 10 of its levels.

You collected 429 gold pieces.
You spent 420 gold pieces at shops.

Inventory:

Hand Weapons
 a - a +0 falchion
 n - a +0 sling
 q - a +0 scimitar of protection (weapon)
 x - a +2 dagger of venom
 G - a +3 long sword
Missiles
 s - 7 poisoned darts (quivered)
Armour
 b - +0 steam dragon scales
 t - the -2 hat of the Alchemist {rElec rPois rF+ rC+ rN+ Will+ rMut rCorr}
   (You found it on level 3 of the Dungeon)

   rF:        It protects you from fire.
   rC:        It protects you from cold.
   rElec:     It insulates you from electricity.
   rPois:     It protects you from poison.
   rN:        It protects you from negative energy.
   rCorr:     It protects you from acid and corrosion.
   rMut:      It protects you from mutation.
   Will:      It increases your willpower.
 u - a +0 helmet (worn)
 z - +0 acid dragon scales (worn)
 A - a +0 chain mail
 D - a +0 pair of gloves (worn)
 E - a +0 ring mail
Jewellery
 e - the cursed ring of Supernal Wisdom (left hand) {Slay+4, Range, Elem}
   (You found it on level 1 of the Dungeon)

   [ring of slaying]

   Slay:      It affects your accuracy & damage with ranged weapons and melee
   (+4).
   It has a curse which improves the following skills: Ranged Combat: Ranged
   Weapons and Throwing.
   Elements:  Fire Magic, Ice Magic, Air Magic and Earth Magic.
 h - a ring of ice
 m - a +4 ring of evasion
 M - a ring of see invisible
 N - a ring of wizardry (right hand)
Wands
 v - a wand of mindburst (11)
 y - a wand of polymorph (7)
 F - a wand of iceblast (10)
Scrolls
 d - a scroll of amnesia {unknown}
 f - a scroll of poison
 g - 3 scrolls of vulnerability
 i - a scroll of fear {unknown}
 k - 2 scrolls of fog
 o - a scroll of noise
 r - 2 scrolls of immolation
 w - a scroll of blinking {unknown}
 C - 5 scrolls of teleportation
 H - a scroll of enchant weapon {unknown}
 K - a scroll of brand weapon {unknown}
 L - a scroll of magic mapping {unknown}
Potions
 c - 3 potions of mutation
 j - a potion of ambrosia
 l - 2 potions of invisibility
 p - 2 potions of cancellation
 B - 2 potions of magic
 I - 2 potions of flight
 J - a potion of lignification


   Skills:
 + Level 7.1 Fighting
 + Level 5.3 Short Blades
 + Level 8.5 Long Blades
 + Level 5.3 Axes
 + Level 5.3 Maces & Flails
 + Level 5.3 Polearms
 + Level 5.3 Staves
 + Level 5.3(5.8) Ranged Weapons
 + Level 5.3(5.8) Throwing
 + Level 5.3 Armour
 + Level 7.1 Dodging
 + Level 5.3 Stealth
 + Level 5.3 Shields
 + Level 5.3 Unarmed Combat
 + Level 7.4 Spellcasting
 + Level 7.1 Conjurations
 + Level 4.4 Hexes
 + Level 4.4 Summonings
 + Level 4.4 Necromancy
 + Level 4.4 Translocations
 + Level 4.4 Transmutations
 + Level 4.4(4.8) Fire Magic
 + Level 4.4(4.8) Ice Magic
 + Level 4.4(4.8) Air Magic
 + Level 4.4(4.8) Earth Magic
 + Level 4.4 Poison Magic
 + Level 5.9 Invocations
 + Level 5.3 Evocations


You had 9 spell levels left.
You knew the following spells:

 Your Spells              Type           Power      Damage    Failure   Level
a - Kiss of Death         Conj/Necr      100%       2d13      1%          1
b - Poisonous Vapours     Pois/Air       46%        N/A       1%          2
c - Mephitic Cloud        Conj/Pois/Air  26%        N/A       1%          3
d - Kindle Blastsparks    Fire/Tloc/Air  46%        2d13      2%          3
e - Arcjolt               Conj/Air       14%        1d24      14%         5

Your spell library contained the following spells:

 Spells                   Type           Power      Damage    Failure   Level
 Beastly Appendage        Tmut           44%        N/A       1%          1
 Freeze                   Ice            96%        1d10      1%          1
 Cigotuvi's Dreadful Rot  Necr/Pois/Air  46%        N/A       1%          2
 Momentum Strike          Conj/Tloc      54%        3d9       1%          2
 Sublimation of Blood     Necr           22%        N/A       1%          2
 Wereblood                Tmut           22%        N/A       1%          2
 Hailstorm                Conj/Ice       28%        3d8       1%          3
 Spider Form              Tmut/Pois      22%        N/A       3%          3
 Alistair's Intoxication  Tmut/Pois      14%        N/A       26%         5
 Conjure Ball Lightning   Conj/Air       14%        3x3d6     58%         6
 Summon Hydra             Summ           11%        N/A       100%        7


Dungeon Overview and Level Annotations

Branches:
Dungeon (9/15)             Temple (1/1) D:6
   Lair: D:8-11         Orc: D:9-12

Altars:
Ashenzari
Cheibriados
Elyvilon
Fedhas
Gozag
Hepliaklqana
Kikubaaqudgha
Makhleb
Nemelex Xobeh
Okawaru
Qazlal
Ru
Sif Muna
Trog
Uskayaw
Vehumet
Wu Jian
Xom
Yredelemnul
Zin
The Shining One

Shops:
D:1 =   D:7 :

Annotations:
D:7 1 runed translucent door, Crazy Yiuf


Innate Abilities, Weirdness & Mutations

You have very sharp teeth.
Your uncanny sense of smell can sniff out nearby items.
Your experience applies equally to all skills.


Message History

Aim: a two-headed ogre, wielding a +0 giant club and a +2 great mace of protection (very poisoned) Poisonous vapours surround the two-headed ogre!
The two-headed ogre looks as sick as possible!
You hit the two-headed ogre.
Your weapon exudes an aura of protection.
You bite the two-headed ogre, but do no damage.
The two-headed ogre is lightly wounded.
The two-headed ogre misses you.
The two-headed ogre hits you with a +2 great mace of protection.
You slash the two-headed ogre!
You bite the two-headed ogre, but do no damage.
The two-headed ogre is moderately wounded.
The two-headed ogre hits you with a +0 giant club!!
* * * LOW HITPOINT WARNING * * *
The two-headed ogre hits you with a +2 great mace of protection!
* * * LOW HITPOINT WARNING * * *
Casting: Poisonous Vapours (safe; 1% risk of failure)
Confirm with . or Enter, or press ? or * to list all spells.
Aiming: Poisonous Vapours (safe; 1% risk of failure)
Press: ? - help, Dir - move target, f/p - two-headed ogre
Aim: a two-headed ogre, wielding a +0 giant club and a +2 great mace of protection (heavily wounded, extremely poisoned) Poisonous vapours surround the two-headed ogre!
The two-headed ogre looks as sick as possible!
Casting: Poisonous Vapours (safe; 1% risk of failure)
Confirm with . or Enter, or press ? or * to list all spells.
Okay, then.
Okay, then.
Aiming: Mindburst
Press: ? - help, Shift-Dir - straight line, f/p - two-headed ogre
Aim: a two-headed ogre, wielding a +0 giant club and a +2 great mace of protection (heavily wounded, extremely poisoned, chance to affect: 68%)
The two-headed ogre struggles to resist.
The two-headed ogre barely misses you. x2
Aiming: Mindburst
Press: ? - help, Shift-Dir - straight line, f/p - two-headed ogre
Aim: a two-headed ogre, wielding a +0 giant club and a +2 great mace of protection (heavily wounded, extremely poisoned, chance to affect: 68%)
The two-headed ogre's minds are blasted!
The two-headed ogre hits you with a +0 giant club!
* * * LOW HITPOINT WARNING * * *
The two-headed ogre hits you with a +2 great mace of protection!
You die...

###### ##....##
##......#
##.....@.##
#####.......O.#
#.##..........##
#.#............#
##.............#
#....[[.......#
##...[........#
##...........#
##.........##


You could see a two-headed ogre (extremely poisoned).

Vanquished Creatures
  Pikel (D:8)
  Maggie (D:7)
  A slime creature (D:7)
  A wyvern (D:9)
  A yak (D:5)
  2 steam dragons (D:7)
  Duvessa (D:4)
  A water moccasin (D:5)
  2 sky beasts
  An ogre (D:6)
  A kobold brigand (D:8)
  Blork the orc (D:4)
  3 bullfrogs
  3 necrophages
  7 scorpions
  7 wights
  Dowan (D:4)
  An electric eel (D:6)
  A howler monkey (D:4)
  2 jellies
  A gnoll bouda (D:6)
  4 orc priests
  4 hounds
  4 orc wizards
  4 iguanas
  7 adders
  11 gnolls
  2 white imps (D:7)
  An ufetubus (D:5)
  2 worms (D:4)
  25 orcs
  11 ball pythons
  8 endoplasms
  4 giant cockroaches
  7 goblins
  8 hobgoblins
  9 jackals
  16 kobolds
  4 quokkas
  6 bats
  5 frilled lizards
  6 rats
188 creatures vanquished.

Vanquished Creatures (others)
  A fungus (D:3)
  22 plants (D:6)
23 creatures vanquished.

Grand Total: 211 creatures vanquished

Notes
Turn   | Place    | Note
-------+----------+-------------------------------------------
     0 | D:1      | garrulousMonolith the Gnoll Reaver began the quest for the
                  | Orb.
     0 | D:1      | Reached XP level 1. HP: 20/20 MP: 6/6
    51 | D:1      | Found Zemoyrel's Jewellery Boutique.
   178 | D:1      | Reached XP level 2. HP: 26/26 MP: 7/7
   418 | D:1      | Reached skill level 5 in Spellcasting
   418 | D:1      | Reached XP level 3. HP: 29/31 MP: 7/9
   781 | D:2      | Reached skill level 1 in Invocations
   924 | D:2      | Found a sacrificial altar of Ru.
  1011 | D:2      | Reached skill level 1 in Short Blades
  1011 | D:2      | Reached skill level 1 in Axes
  1011 | D:2      | Reached skill level 1 in Maces & Flails
  1011 | D:2      | Reached skill level 1 in Polearms
  1011 | D:2      | Reached skill level 1 in Staves
  1011 | D:2      | Reached skill level 1 in Ranged Weapons
  1011 | D:2      | Reached skill level 1 in Throwing
  1011 | D:2      | Reached skill level 1 in Armour
  1011 | D:2      | Reached skill level 1 in Stealth
  1011 | D:2      | Reached skill level 1 in Shields
  1011 | D:2      | Reached skill level 1 in Unarmed Combat
  1011 | D:2      | Reached skill level 1 in Evocations
  1212 | D:2      | Reached XP level 4. HP: 38/38 MP: 11/11
  1401 | D:3      | Found a faded altar of an unknown god.
  1409 | D:3      | Got Plato's Tome of Graupel
  1466 | D:3      | Found the -2 hat of the Alchemist {rElec rPois rF+ rC+ rN+
                  | Will+ rMut rCorr}
  1503 | D:3      | Reached skill level 1 in Hexes
  1503 | D:3      | Reached skill level 1 in Summonings
  1503 | D:3      | Reached skill level 1 in Necromancy
  1503 | D:3      | Reached skill level 1 in Translocations
  1503 | D:3      | Reached skill level 1 in Transmutations
  1503 | D:3      | Reached skill level 1 in Fire Magic
  1503 | D:3      | Reached skill level 1 in Ice Magic
  1503 | D:3      | Reached skill level 1 in Air Magic
  1503 | D:3      | Reached skill level 1 in Earth Magic
  1503 | D:3      | Reached skill level 1 in Poison Magic
  1791 | D:3      | Reached XP level 5. HP: 43/43 MP: 12/12
  2151 | D:4      | Learned a level 2 spell: Poisonous Vapours
  2213 | D:4      | Noticed Blork the orc
  2223 | D:4      | Killed Blork the orc
  2224 | D:4      | Reached skill level 5 in Fighting
  2224 | D:4      | Reached skill level 5 in Dodging
  2224 | D:4      | Reached XP level 6. HP: 37/51 MP: 5/14
  2487 | D:4      | Reached skill level 7 in Long Blades
  2487 | D:4      | Reached XP level 7. HP: 54/56 MP: 11/15
  2563 | D:4      | Noticed Dowan
  2571 | D:4      | Killed Dowan
  2599 | D:4      | Noticed Duvessa
  2621 | D:4      | Killed Duvessa
  3245 | D:5      | Entered Level 5 of the Dungeon
  3335 | D:5      | Found a bloodstained altar of Trog.
  3680 | D:5      | Reached XP level 8. HP: 58/63 MP: 16/16
  3702 | D:5      | Noticed a yak
  3749 | D:5      | Killed a yak
  4439 | D:6      | Got Mazaf's Atlas of Toxins and Ozone
  4447 | D:5      | Learned a level 3 spell: Mephitic Cloud
  4805 | D:6      | Reached XP level 9. HP: 69/69 MP: 13/18
  5484 | D:6      | Found a staircase to the Ecumenical Temple.
  5493 | Temple   | Entered the Ecumenical Temple
  5695 | Temple   | Became a worshipper of Ashenzari the Shackled
  6040 | D:7      | Noticed Maggie
  6051 | D:7      | Killed Maggie
  6052 | D:7      | Reached skill level 8 in Long Blades
  6528 | D:7      | You fall into a shaft and drop 2 floors!
  6611 | D:9      | Reached skill level 5 in Invocations
  7090 | D:8      | Learned a level 3 spell: Kindle Blastsparks
  7152 | D:8      | Noticed Pikel
  7166 | D:8      | Noticed a two-headed ogre
  7169 | D:8      | Killed Pikel
  7170 | D:8      | Reached skill level 5 in Short Blades
  7170 | D:8      | Reached skill level 5 in Axes
  7170 | D:8      | Reached skill level 5 in Maces & Flails
  7170 | D:8      | Reached skill level 5 in Polearms
  7170 | D:8      | Reached skill level 5 in Staves
  7170 | D:8      | Reached skill level 5 in Ranged Weapons
  7170 | D:8      | Reached skill level 5 in Throwing
  7170 | D:8      | Reached skill level 5 in Armour
  7170 | D:8      | Reached skill level 5 in Stealth
  7170 | D:8      | Reached skill level 5 in Shields
  7170 | D:8      | Reached skill level 5 in Unarmed Combat
  7170 | D:8      | Reached skill level 5 in Evocations
  7170 | D:8      | Reached XP level 10. HP: 57/77 MP: 10/20
  7414 | D:7      | Found Vaumm's Tremendous Tomes.
  7519 | D:7      | Found a runed translucent door.
  7520 | D:7      | Noticed Crazy Yiuf
  8107 | D:1      | Bought a ring of wizardry for 420 gold pieces
  8115 | D:1      | Learned a level 5 spell: Arcjolt
  8258 | D:8      | Mangled by a two-headed ogre

Illustrated notes

Levels and vault maps discovered:
D:1:      spicycebolla_green_bress_n_ham, layout_basic, serial_shops,
          nicolae_square_shop, corner_web_ring
D:2:      layout_basic, basic_altar
D:3:      layout_loops_ring, shapermc_ecumenical_altar_rom_forum
D:4:      minmay_diamond_boxcup, layout_basic, minmay_close_crescents,
          uniq_blork_the_orc, uniq_duvessa
D:5:      minmay_chambers_of_fours, layout_loops_corners,
          mainiacjoe_overflow_alcove_2
D:6:      layout_cave_pools, minmay_temple_entry_nine_rooms,
          serial_bayou_ford_a, minmay_misc_feat_encased
D:7:      layout_gridville, nicolae_shop_i_like_big_books,
          kennysheep_small_circle, uniq_crazy_yiuf_cottage, uniq_maggie
D:8:      layout_cave_pods, kennysheep_mini_moat, minmay_microvault,
          uniq_amaemon, uniq_grum, uniq_pikel
D:9:      layout_roguey, erik_lair_dragon, minmay_nine_imps
Temple:   nicolae_temple_bog_church

Skill      XL: |  1  2  3  4  5  6  7  8  9 10 |
---------------+-------------------------------+-----
Spellcasting   | 5 6 7 |  7.4
Invocations    | 1 2 3 4 5 |  5.9
Short Blades   | 1 2 3 5 |  5.3
Axes           | 1 2 3 5 |  5.3
Maces & Flails | 1 2 3 5 |  5.3
Polearms       | 1 2 3 5 |  5.3
Staves         | 1 2 3 5 |  5.3
Ranged Weapons | 1 2 3 5 |  5.3
Throwing       | 1 2 3 5 |  5.3
Armour         | 1 2 3 5 |  5.3
Stealth        | 1 2 3 5 |  5.3
Shields        | 1 2 3 5 |  5.3
Unarmed Combat | 1 2 3 5 |  5.3
Evocations     | 1 2 3 5 |  5.3
Hexes          | 1 2 3 4 |  4.4
Summonings     | 1 2 3 4 |  4.4
Necromancy     | 1 2 3 4 |  4.4
Translocations | 1 2 3 4 |  4.4
Transmutations | 1 2 3 4 |  4.4
Fire Magic     | 1 2 3 4 |  4.4
Ice Magic      | 1 2 3 4 |  4.4
Air Magic      | 1 2 3 4 |  4.4
Earth Magic    | 1 2 3 4 |  4.4
Poison Magic   | 1 2 3 4 |  4.4
Fighting       | 5 6 7 |  7.1
Dodging        | 5 6 7 |  7.1
Long Blades    | 7 8 |  8.5
Conjurations   | 6 7 |  7.1

Action                   |  1- 3 |  4- 6 |  7- 9 | 10-12 || total
-------------------------+-------+-------+-------+-------++-------
Melee: Falchion          |    98 |     3 |       |       ||   101
       Bite              |    10 |    11 |    23 |    12 ||    56
       Punch             |     1 |     3 |     8 |     3 ||    15
       Scimitar          |       |   110 |   246 |    41 ||   397
       Unarmed           |       |       |     2 |       ||     2
 Fire: Sling             |       |       |    12 |       ||    12
Throw: Dart              |       |       |     1 |       ||     1
 Cast: Poisonous Vapours |       |     9 |    55 |     3 ||    67
       Kindle Blastspark |       |       |     2 |     1 ||     3
Invok: Curse Item        |       |       |     1 |       ||     1
Evoke: Wand              |       |       |     3 |     2 ||     5
  Use: Scroll            |     3 |       |    12 |       ||    15
       Potion            |       |       |     2 |       ||     2
 Stab: Sleeping          |       |     1 |     6 |     2 ||     9
Armor: Leather armour    |    12 |    29 |     7 |       ||    48
       Ring mail         |       |       |    78 |       ||    78
       Skin              |       |       |     2 |       ||     2
       Acid dragon scale |       |       |    23 |    14 ||    37
Dodge: Dodged            |    74 |   107 |   217 |    42 ||   440

Table legend: (Time is in decaauts)
 A = Elapsed time spent in this place.
 B = Non-inter-level travel time spent in this place.
 C = Inter-level travel time spent in this place.
 D = Time resting spent in this place.
 E = Time spent auto-exploring this place.
 F = Levels seen in this place.
 G = Mean time per level.
                   A        B        C        D        E       F      G
               +--------+--------+--------+--------+--------+-----+--------+
         Total |   8290 |   7720 |    570 |   1677 |   4598 |  10 |  829.0 |
       Dungeon |   8062 |   7508 |    554 |   1677 |   4442 |   9 |  895.8 |
        Temple |    227 |    211 |     16 |      0 |    155 |   1 |  227.0 |
               +--------+--------+--------+--------+--------+-----+--------+

Top non-repeatable levels by time:
     D:7: 1414 daAuts
     D:6: 1302 daAuts
     D:4: 1294 daAuts
     D:5: 1267 daAuts
     D:1: 769 daAuts
     D:3: 728 daAuts
     D:2: 618 daAuts
     D:8: 528 daAuts
  Temple: 227 daAuts
     D:9: 140 daAuts
